 Dungeon Crawl Stone Soup version 0.22-a0-799-g88f5e907b7 (webtiles) character file.

1 Htamos the Skirmisher (level 1, -4/18 HPs)
             Began as a Formicid Berserker on July 21, 2018.
             Was a Follower of Trog.
             Slain by a hound (5 damage)
             ... on level 4 of the Dungeon.
             The game lasted 00:00:54 (388 turns).

Htamos the Skirmisher (Formicid Berserker)           Turns: 388, Time: 00:00:55

Health: -4/18      AC:  2    Str: 21    XL:     1   Next: 22%
Magic:  1/1        EV: 12    Int:  6    God:    Trog [*.....]
Gold:   15         SH:  0    Dex: 10    Spells: 0/0 levels left

rFire    . . .     SeeInvis +   a - +0 hand axe
rCold    . . .     Gourm    .   (no shield)
rNeg     . . .     Faith    .   b - +0 animal skin
rPois    .         Spirit   .   (helmet unavailable)
rElec    .         Reflect  .   (no cloak)
rCorr    .         Harm     .   (no gloves)
MR       .....                  (no boots)
Stlth    +.........             (no amulet)
HPRegen  0.06/turn              (no ring)
MPRegen  0.07/turn              (no ring)

@: no status effects
A: permanent stasis, dig shafts and tunnels, four strong arms, antennae 3
a: Dig, Shaft Self, Renounce Religion


You were on level 4 of the Dungeon.
You worshipped Trog.
Trog was aware of your devotion.
You were not hungry.

You visited 1 branch of the dungeon, and saw 3 of its levels.

You collected 15 gold pieces.

Inventory:

Hand Weapons
 a - a +0 hand axe (weapon)
Armour
 b - a +0 animal skin (worn)
Comestibles
 c - a ration


   Skills:
 + Level 3.3 Fighting
 + Level 3.0 Axes
 + Level 2.2 Armour
 + Level 1.8 Dodging


You couldn't memorise any spells.
You didn't know any spells.
Your spell library was empty.

Dungeon Overview and Level Annotations

Branches:
Dungeon (1/15)

Altars:

Annotations:
D:2 Natasha


Innate Abilities, Weirdness & Mutations

You cannot be hasted, slowed, berserked, paralysed or teleported.
You can dig through walls and to a lower floor.
Your four strong arms can wield two-handed weapons with a shield.
You have a pair of large antennae on your head. (SInv)


Message History

As you read the scroll labeled RUAVUUWNUM, it crumbles to dust.
You feel a strange sense of stasis.
It was a scroll of teleportation.
The hound barely misses you. The hound bites you but does no damage.
You barely miss the hound. The hound completely misses you.
You hit the hound.
The hound is lightly wounded.
The hound barely misses you. The hound misses you.
You hit the hound but do no damage.
The hound is lightly wounded.
The hound closely misses you. The hound barely misses you.
You hit the hound.
The hound is moderately wounded.
The hound bites you.
* * * LOW HITPOINT WARNING * * *
Are you sure you want to shaft yourself?
You feel somewhat more hungry. The hound closely misses you.
The hound bites you but does no damage.
You begin to dig a shaft.
You continue digging a shaft.
The hound bites you.
You die...

#. +# #.# ...
###.### ....
#.....# .....
#.....####......
#........@h.....
#.....####......
#.....# .....
###@### ....
##h######## ...
####.o.......# +#
#.........##.#
#.##..###.##.###l
# #..##.........
#..##..##.##..
#......## #
#.........#


You could see a hound and an orc.

Vanquished Creatures
  A frilled lizard (D:4)
  A goblin (D:1)
2 creatures vanquished.

Notes
Turn   | Place    | Note
-------+----------+-------------------------------------------
     0 | D:1      | Htamos the Formicid Berserker began the quest for the Orb.
     0 | D:1      | Reached XP level 1. HP: 18/18 MP: 1/1
   118 | D:1      | You fall through a shaft!
   118 | D:2      | Noticed Natasha
   123 | D:2      | Noticed a crimson imp
   123 | D:2      | You fall through a shaft for 2 floors!
   354 | D:4      | Noticed Sigmund
   354 | D:4      | Noticed a hound
   388 | D:4      | Slain by a hound

Vault maps used:
D:1:      lemuel_arrival_cross
D:2:      ashenzari_conservatory_becter, gammafunk_temple_overflow_elements,
          uniq_natasha
D:4:      first_ration, gammafunk_ghost_nasty_kobolds, corner_web_ring,
          uniq_sigmund

Action                   || total
-------------------------++-------
Melee: Hand axe          ||    10
 Abil: Shaft Self        ||     2
  Use: Scroll            ||     1
Armor: Animal skin       ||     3
Dodge: Dodged            ||    13

Table legend:
 A = Spawn XP
 B = Non-spawn XP
 C = Spawn XP percentage of total XP
 D = Spawn monster count
 E = Non-spawn monster count
 F = Spawn count percentage of total count
 G = Total turns spent on level
                    A         B        C        D         E        F      G
               +---------+---------+-------+---------+---------+-------+---------
         Total |       0 |       2 |   0.0 |       0 |       2 |   0.0 |   388
               +---------+---------+-------+---------+---------+-------+---------
           D:1 |       0 |       1 |   0.0 |       0 |       1 |   0.0 |   118
           D:4 |       0 |       1 |   0.0 |       0 |       1 |   0.0 |   265
               +---------+---------+-------+---------+---------+-------+---------
